AoeStats
← epic shit

MegaRandom

509663379Analyzed
2v2 RM · 4d ago on Sep 27, 2026· 48m 54s· 4 players
Game mode
Random Map
Map size
Medium (4 player)
Population
200
Speed
Normal
Resources
Standard
Victory
Conquest
Starting age
Dark Age
Ending age
Imperial Age
RankedLock teamsTeams togetherTeam positionsShared explorationLock speedFull tech treeHidden civsTurbo modeCheats
Victory
Defeat
🇨🇱 Varangians · Chile
1229
+9
🇨🇱 Huns · Chile
1072
+15
🇲🇽 Vietnamese · Mexico
1073
-12
🇳🇱 Persians · Netherlands
1058
-12
WERO84
5:41 Loom
8:45 Feudal Age
12:03 Man-at-Arms
19:00 Castle Age
20:16 Double-Bit Axe
25:12 Horse Collar
27:31 Padded Archer Armor
27:22 Fletching
27:35 Scale Mail Armor
29:26 Wheelbarrow
30:05 Leather Archer Armor
29:45 Bodkin Arrow
31:20 Scale Barding Armor
34:59 Imperial Age
32:59 Chain Barding Armor
33:37 Heavy Plow
38:02 Heavy Cavalry Archer
40:32 Ballistics
40:26 Masonry
40:43 Bow Saw
41:17 Hand Cart
41:54 Ring Archer Armor
41:24 Bracer
46:39 Plate Barding Armor
willem.goossenss
4:19 Loom
epic shit
8:18 Feudal Age
7:00 Loom
9:43 Wheelbarrow
16:27 Double-Bit Axe
19:43 Horse Collar
26:50 Castle Age
25:45 Bloodlines
25:39 Town Watch
26:24 Forging
28:02 Husbandry
29:44 Wheelbarrow
31:02 Hand Cart
33:05 Fletching
33:21 Scale Barding Armor
33:31 Gold Mining
33:46 Heavy Plow
33:59 Bow Saw
34:00 Elite Skirmisher
42:17 Imperial Age
41:04 Padded Archer Armor
43:21 Cavalier
45:48 Conscription
47:27 Gold Shaft Mining
49:11 Iron Casting
goyim
0:34 Loom
9:31 Feudal Age
13:39 Castle Age
11:54 Double-Bit Axe
14:51 Bow Saw
28:31 Horse Collar
36:43 Scale Barding Armor
36:49 Forging
36:51 Bloodlines
38:12 Wheelbarrow
39:05 Town Watch
43:12 Imperial Age
41:30 Chain Barding Armor
41:27 Husbandry
43:05 Iron Casting
42:50 Hand Cart
43:25 Elite Jarl
44:50 Conscription
45:40 Plate Barding Armor
45:36 Gold Mining
45:36 Stone Mining
45:55 Heavy Plow
47:46 Blast Furnace
47:46 Guilds
Connection lost

Rejoining the realm…

Still unreachable

The connection could not be restored.

Session expired

The server has moved on; the page needs a fresh start.